 Dungeon Crawl Stone Soup version 0.28-a0-556-gab23d0e057 (webtiles) character file.

Game seed: 5300928294908112652

284 bande the Covered (level 6, 0/38 HPs)
             Began as a Gargoyle Fighter on Sept 29, 2021.
             Was an Initiate of Okawaru.
             Slain by Edmund (1 damage)
             ... on level 4 of the Dungeon.
             The game lasted 00:05:31 (3965 turns).

bande the Covered (Gargoyle Fighter)                Turns: 3965, Time: 00:05:32

Health: 0/38       AC: 16    Str: 20    XL:     6   Next: 29%
Magic:  2/2        EV:  7    Int:  9    God:    Okawaru [......]
Gold:   167        SH:  6    Dex: 16    Spells: 5/5 levels left

rFire   . . .      SeeInvis .   l - +1 hand axe (antimagic)
rCold   . . .      Faith    .   c - +1 buckler
rNeg    + . .      Spirit   .   m - +0 chain mail
rPois   ∞          Reflect  .   j - +0 helmet
rElec   +          Harm     .   (no cloak)
rCorr   .          Rampage  .   k - +0 pair of gloves
Will    .....                   (no boots)
Stlth   ..........              (no amulet)
HPRegen 0.12/turn               g - +6 ring of dexterity
MPRegen 0.08/turn               (no ring)

@: mighty
A: sickness immunity, AC +4, negative energy resistance 1, electricity
resistance, torment resistance 1, petrification resistance
a: Renounce Religion


You were on level 4 of the Dungeon.
You worshipped Okawaru.
Okawaru was noncommittal.
You visited 2 branches of the dungeon, and saw 5 of its levels.

You collected 167 gold pieces.

Inventory:

Hand Weapons
 a - a +1 war axe
 b - a +0 flail
 l - a +1 antimagic hand axe (weapon)
Armour
 c - a +1 buckler (worn)
 j - a +0 helmet (worn)
 k - a +0 pair of gloves (worn)
 m - a +0 chain mail (worn)
Jewellery
 g - a +6 ring of dexterity (left hand)
Potions
 d - a potion of might
 e - 3 potions of curing
 f - a potion of haste {unknown}
 h - a potion of mutation {unknown}
 i - 4 potions of flight {unknown}
 n - a potion of ambrosia {unknown}


   Skills:
 + Level 4.1 Fighting
 + Level 4.2 Axes
 + Level 4.5 Armour
 - Level 0.1 Dodging
 + Level 4.0 Shields


You had 5 spell levels left.
You didn't know any spells.
Your spell library contained the following spells:

 Spells                   Type           Power      Damage    Failure   Level
 Magic Dart               Conj           0%         1d3       98%         1
 Corpse Rot               Necr/Air       N/A        N/A       99%         2
 Mephitic Cloud           Conj/Pois/Air  0%         N/A       100%        3
 Dispel Undead            Necr           0%         3d6       100%        4
 Call Imp                 Summ           Unusable   N/A       N/A         2
 Death Channel            Necr           Unusable   N/A       N/A         6

Dungeon Overview and Level Annotations

Branches:
Dungeon (4/15)             Temple (1/1) D:4

Altars:
Ashenzari
Cheibriados
Fedhas
Gozag
Kikubaaqudgha
Okawaru
Qazlal
Ru
Uskayaw
Wu Jian
Xom
Yredelemnul
Zin
The Shining One

Annotations:
D:4 Edmund


Innate Abilities, Weirdness & Mutations

You are immune to sickness and miasma.
Your stone body is resilient. (AC +4)
You are immune to poison.
You resist negative energy. (rN+)
You are resistant to electric shocks. (rElec)
You are resistant to unholy torment.
You are immune to petrification.


Message History

Your Shields skill increases to level 4!
HP restored.
You now have 167 gold pieces (gained 15).
n - a blue potion Edmund the Younger comes into view.
He is wielding a +6 vorpal dire flail.
Edmund shouts!
Edmund hits you with a +6 vorpal dire flail!
You hit Edmund.
Edmund is lightly wounded.
Edmund says, "People will remember me!
They'll remember me and die!"
You block Edmund's attack.
You hit Edmund.
Edmund is lightly wounded.
Edmund hits you but does no damage.
You hit Edmund.
Edmund is moderately wounded.
Edmund barely misses you.
Edmund hits you with a +6 vorpal dire flail!
You are too injured to fight recklessly!
You are too injured to fight recklessly!
You are too injured to fight recklessly!
You are too injured to fight recklessly!
You are too injured to fight recklessly!
You feel very mighty all of a sudden. Edmund hits you but does no damage.
You slash Edmund!
Edmund is heavily wounded.
Edmund hits you with a +6 vorpal dire flail.
You hit Edmund.
Edmund is heavily wounded.
You block Edmund's attack.
You barely miss Edmund.
Edmund is heavily wounded.
Edmund hits you with a +6 vorpal dire flail.
* * * LOW HITPOINT WARNING * * *
You barely miss Edmund.
Edmund is heavily wounded.
Edmund hits you with a +6 vorpal dire flail!
* * * LOW HITPOINT WARNING * * *
You die...

.## #. ## ### #..
#.# #.# #######
#@# #.....# #@#
#.###.#######.#
##.###.........#
###...############
......# ###...#
#####


You could see Edmund.

Vanquished Creatures
  A scorpion (D:4)
  A water moccasin skeleton (D:4)
  2 orc wizards (D:3)
  3 adders
  An ufetubus (D:4)
  4 worms
  A dart slug (D:1)
  6 orcs (D:3)
  8 ball pythons
  5 bats
  5 endoplasms
  3 giant cockroaches
  9 goblins
  4 hobgoblins
  8 jackals
  2 quokkas
  A frilled lizard (D:1)
  3 kobolds
  4 rats
71 creatures vanquished.

Notes
Turn   | Place    | Note
-------+----------+-------------------------------------------
     0 | D:1      | bande the Gargoyle Fighter began the quest for the Orb.
     0 | D:1      | Reached XP level 1. HP: 14/14 MP: 1/1
    84 | D:1      | Reached XP level 2. HP: 17/19 MP: 2/2
   720 | D:1      | Reached XP level 3. HP: 23/23 MP: 3/3
  1352 | D:2      | Reached XP level 4. HP: 22/28 MP: 4/4
  1498 | D:2      | Found a sacrificial altar of Ru.
  1602 | D:2      | Found a faded altar of an unknown god.
  2064 | D:3      | Found an opulent altar of Gozag.
  2064 | D:3      | Found a snail-covered altar of Cheibriados.
  2853 | D:3      | Reached XP level 5. HP: 16/33 MP: 1/5
  3503 | D:4      | Reached XP level 6. HP: 29/38 MP: 2/6
  3807 | D:4      | Found a staircase to the Ecumenical Temple.
  3816 | Temple   | Entered the Ecumenical Temple
  3847 | Temple   | Became a worshipper of Warmaster Okawaru
  3955 | D:4      | Noticed Edmund
  3965 | D:4      | HP: 1/38 [Edmund (10)]
  3965 | D:4      | Slain by Edmund

Illustrated notes

Levels and vault maps discovered:
D:1:      minmay_arrival_four_circles, layout_basic
D:2:      layout_basic, basic_altar, shapermc_ecumenical_altar_hornbeckon
D:3:      layout_loops_ring, gammafunk_temple_overflow_elements,
          mrwooster_statue_mirror
D:4:      layout_loops_ring, minmay_temple_entry_stoned_glass, uniq_edmund
Temple:   regret_index_temple_mists

Skill      XL: |  1  2  3  4  5  6 |
---------------+-------------------+-----
Axes           | 2 3 4 |  4.2
Armour         | 4 |  4.5
Fighting       | 4 |  4.1
Shields        | 4 |  4.0
Dodging        | |  0.1

Action                   |  1- 3 |  4- 6 || total
-------------------------+-------+-------++-------
Melee: War axe           |   130 |    60 ||   190
       Hand axe          |       |    96 ||    96
  Use: Scroll            |     3 |     4 ||     7
       Potion            |       |     1 ||     1
Armor: Scale mail        |    87 |    34 ||   121
       Chain mail        |       |    57 ||    57
Dodge: Dodged            |    60 |    63 ||   123
Block: Buckler           |    37 |    47 ||    84

Table legend: (Time is in decaauts)
 A = Elapsed time spent in this place.
 B = Non-inter-level travel time spent in this place.
 C = Inter-level travel time spent in this place.
 D = Time resting spent in this place.
 E = Time spent auto-exploring this place.
 F = Levels seen in this place.
 G = Mean time per level.
                   A        B        C        D        E       F      G
               +--------+--------+--------+--------+--------+-----+--------+
         Total |   4078 |   3977 |    101 |    764 |   2390 |   5 |  815.6 |
       Dungeon |   4006 |   3905 |    101 |    764 |   2368 |   4 | 1001.5 |
        Temple |     72 |     72 |      0 |      0 |     21 |   1 |   72.0 |
               +--------+--------+--------+--------+--------+-----+--------+

Top non-repeatable levels by time:
     D:3: 1059 daAuts
     D:2: 1054 daAuts
     D:1: 1011 daAuts
     D:4: 881 daAuts
  Temple: 72 daAuts
